 Dungeon Crawl Stone Soup version 0.24-a0-274-gb3763e6 (webtiles) character file.

Game seed: 2526100153241688077

1588 Hylith the Cleaver (level 8, -4/73 HPs)
             Began as a Hill Orc Monk on Apr 26, 2019.
             Was a Priest of Beogh.
             Killed from afar by an electric eel (8 damage)
             ... with a bolt of electricity
             ... on level 6 of the Dungeon.
             The game lasted 00:10:35 (4908 turns).

Hylith the Cleaver (Hill Orc Monk)                  Turns: 4908, Time: 00:10:36

Health: -4/73      AC: 15    Str: 16    XL:     8   Next: 92%
Magic:  11/11      EV: 11    Int: 10    God:    Beogh [***...]
Gold:   273        SH:  0    Dex: 13    Spells: 7/7 levels left

rFire    . . .     SeeInvis .   t - +1 war axe
rCold    + . .     Gourm    .   (no shield)
rNeg     . . .     Faith    .   G - +2 scale mail "Hilusham" {rC+ MR+}
rPois    +         Spirit   .   x - +0 helmet (curse)
rElec    .         Reflect  .   n - +1 cloak
rCorr    .         Harm     .   (no gloves)
MR       +....                  (no boots)
Stlth    +.........             q - amulet of regeneration
HPRegen  0.62/turn              m - ring of poison resistance
MPRegen  0.12/turn              j - +3 ring of protection

@: no status effects
A: no striking features
a: Smiting, Renounce Religion


You were on level 6 of the Dungeon.
You worshipped Beogh.
Beogh was most pleased with you.
You were not hungry.

You visited 1 branch of the dungeon, and saw 6 of its levels.
You also visited: Ossuary.

You collected 273 gold pieces.

Inventory:

Hand Weapons
 a - a +0 scythe
 t - a +1 war axe (weapon)
 A - a +1 flail of protection
Missiles
 k - 8 tomahawks (quivered)
 F - a silver tomahawk
Armour
 n - a +1 cloak (worn)
 x - a cursed +0 helmet (worn)
 B - a +0 plate armour
 G - the +2 scale mail "Hilusham" (worn) {rC+ MR+}
   (You found it on level 6 of the Dungeon)

   It protects you from cold.
   It affects your resistance to hostile enchantments.
Jewellery
 d - an uncursed ring of fire
 j - a +3 ring of protection (right hand)
 l - an uncursed ring of fire
 m - a ring of poison resistance (left hand)
 q - an amulet of regeneration (around neck)
Scrolls
 f - a scroll of random uselessness {unknown}
 g - 2 scrolls of remove curse
 h - 2 scrolls of enchant weapon
 i - 2 scrolls of enchant armour {unknown}
 o - 2 scrolls of fog {unknown}
 r - 3 scrolls of amnesia {unknown}
 s - a scroll of magic mapping {unknown}
 u - a scroll of fear {unknown}
 y - 2 scrolls of teleportation {unknown}
Potions
 b - a potion of flight
 e - a potion of magic {unknown}
 p - 6 potions of ambrosia
 v - 2 potions of agility
 w - a potion of heal wounds
 C - 3 potions of might
 D - a potion of degeneration {unknown}
 E - a potion of curing
Comestibles
 c - 14 rations
 z - a chunk of flesh


   Skills:
 + Level 7.0 Fighting
 * Level 10.2 Axes
 + Level 4.9 Armour
 - Level 3.0 Dodging
 - Level 2.0 Stealth
 + Level 4.3 Invocations


You had 7 spell levels left.
You didn't know any spells.
Your spell library contained the following spells:

 Spells                   Type           Power        Failure   Level  Hunger
 Magic Dart               Conj           #...         77%         1    ##.....
 Blink                    Tloc           N/A          88%         2    ###....
 Call Imp                 Summ           #.......     88%         2    ###....
 Slow                     Hex            #.......     88%         2    ###....
 Conjure Flame            Conj/Fire      #.......     98%         3    ####...
 Mephitic Cloud           Conj/Pois/Air  #.......     98%         3    ####...


Dungeon Overview and Level Annotations

Branches:
Dungeon (6/15)             Temple (0/1) D:5

Altars:
Ashenzari
Cheibriados
Dithmenos
Qazlal
Vehumet


Message History

The electric eel completely resists.
You hit the electric eel.
The electric eel is severely wounded.
You slash the worker ant!
You kill the worker ant!
Beogh accepts your kill.
Your orc warrior looks more experienced.
The electric eel shoots out a bolt of lightning at you!
The bolt of electricity hits you!
* * * LOW HITPOINT WARNING * * *
The bolt of electricity hits you.
* * * LOW HITPOINT WARNING * * *
The bolt of electricity hits the electric eel.
The electric eel completely resists.
You closely miss the electric eel.
The electric eel is severely wounded.
The electric eel shoots out a bolt of lightning at you!
The bolt of electricity hits you but does no damage.
The bolt of electricity hits you!
You die...

#############
#.o.........#
#'@########.#
≈≈≈≈≈≈.†;≈≈≈≈≈≈#.#
..............≈#.#
.####....####.≈#.#
.####....####.≈#.#
.####..(.####.≈#.#
.####....####.≈#.#
......:.......≈#.#
#.#


You could see an electric eel and a friendly orc warrior.

Vanquished Creatures
  An orc warrior (D:6)
  An ice beast (D:5)
  3 elf zombies (Ossuary)
  2 bullfrogs
  Dowan (D:6)
  2 scorpions
  A crimson imp (D:5)
  2 centaur zombies
  An orc priest (D:6)
  A gnoll shaman (D:5)
  3 orc wizards
  5 worker ants
  A big kobold zombie (Ossuary)
  2 mummies (Ossuary)
  14 gnolls
  6 adders
  A shadow imp (D:4)
  5 oozes
  2 adder zombies
  A worm (D:2)
  2 dart slugs
  2 leopard geckos
  12 orcs
  5 giant cockroaches
  13 hobgoblins
  12 jackals
  3 quokkas (D:3)
  2 ball pythons
  8 bats
  3 frilled lizards
  6 goblins
  12 hobgoblin zombies (Ossuary)
  A jackal skeleton (D:5)
  9 kobolds
  9 kobold zombies (Ossuary)
  A leopard gecko zombie (D:3)
  9 orc zombies (Ossuary)
  A quokka skeleton (D:4)
  9 rats
  A rat zombie (Ossuary)
175 creatures vanquished.

Vanquished Creatures (collateral kills)
  Duvessa (D:6)
  A howler monkey (D:6)
  A jelly (D:6)
  An orc priest (D:6)
  An adder zombie (D:6)
  A worm (D:6)
  An orc (D:6)
7 creatures vanquished.

Vanquished Creatures (others)
  3 orcs
3 creatures vanquished.

Grand Total: 185 creatures vanquished

Notes
Turn   | Place    | Note
-------+----------+-------------------------------------------
     0 | D:1      | Hylith the Hill Orc Monk began the quest for the Orb.
     0 | D:1      | Reached XP level 1. HP: 19/19 MP: 1/1
   162 | D:1      | Reached XP level 2. HP: 13/27 MP: 2/2
   607 | D:1      | Reached skill level 5 in Axes
   656 | D:1      | Reached XP level 3. HP: 25/33 MP: 3/3
  1423 | D:2      | Reached XP level 4. HP: 36/41 MP: 4/4
  1909 | D:2      | Found a shattered altar of Ashenzari.
  1909 | D:2      | Found a snail-covered altar of Cheibriados.
  2007 | D:2      | Reached skill level 6 in Axes
  2023 | D:2      | Reached skill level 1 in Armour
  2268 | D:3      | Reached XP level 5. HP: 41/47 MP: 5/5
  2719 | D:3      | Reached skill level 5 in Fighting
  2947 | D:3      | Reached XP level 6. HP: 56/56 MP: 6/6
  3039 | D:4      | Reached skill level 7 in Axes
  3129 | D:4      | Found a stormy altar of Qazlal.
  3276 | D:4      | Found a radiant altar of Vehumet.
  3295 | D:4      | Got an encrusted leather armour
  3306 | D:4      | Identified the +2 leather armour of Apathy {rPois} (You
                  | found it on level 4 of the Dungeon)
  3636 | D:4      | Became a worshipper of Beogh the Brigand
  3636 | D:4      | Reached * piety under Beogh
  3636 | D:4      | Reached ** piety under Beogh
  3638 | D:4      | Reached XP level 7. HP: 29/61 MP: 7/7
  3656 | D:4      | Reached skill level 8 in Axes
  3693 | D:4      | Found a shadowy altar of Dithmenos.
  3756 | D:5      | Entered Level 5 of the Dungeon
  3930 | D:5      | Reached skill level 1 in Invocations
  4325 | D:5      | Found a staircase to the Ecumenical Temple.
  4402 | D:6      | Reached skill level 9 in Axes
  4402 | D:6      | Reached XP level 8. HP: 55/70 MP: 9/9
  4410 | D:6      | Noticed Duvessa
  4422 | D:6      | Noticed Dowan
  4482 | D:6      | Found a sand-covered staircase.
  4487 | Ossuary  | Entered an ossuary
  4572 | Ossuary  | Reached *** piety under Beogh
  4791 | D:6      | Killed Duvessa
  4800 | D:6      | Killed Dowan
  4800 | D:6      | Reached skill level 10 in Axes
  4870 | D:6      | Got a steaming scale mail
  4881 | D:6      | Identified the +2 scale mail "Hilusham" {rC+ MR+} (You
                  | found it on level 6 of the Dungeon)
  4908 | D:6      | Killed from afar by an electric eel

Levels and vault maps discovered:
D:1:      onia_arrival_larder, layout_basic, minmay_pentomino_z4
D:2:      layout_basic, chequers_temple_overflow_statue_of_worship, first_ration
D:3:      layout_basic, item_on_display_a
D:4:      layout_loops_cross, grunt_qazlal_sundering, kennysheep_mini,
          grunt_dithmenos_shadows
D:5:      layout_loops_ring, minmay_temple_entry_fiery, minmay_misc_feat_hallway
D:6:      layout_rooms, enter_ossuary_2, minivault_14, kennysheep_dice,
          uniq_duvessa

Skill      XL: |  1  2  3  4  5  6  7  8 |
---------------+-------------------------+-----
Fighting       | 4 5 6 7 |  7.0
Axes           | 5 6 7 9 10 | 10.2
Armour         | 1 2 3 4 |  4.9
Invocations    | 2 4 |  4.3
Stealth        | 2 |  2.0
Dodging        | 3 |  3.0

Action                   |  1- 3 |  4- 6 |  7- 9 || total
-------------------------+-------+-------+-------++-------
Melee: Hand axe          |   131 |   123 |       ||   254
       War axe           |       |   113 |   258 ||   371
Invok: Convert to Beogh  |       |     1 |       ||     1
  Use: Scroll            |       |     6 |       ||     6
 Stab: Sleeping          |     3 |       |       ||     3
       Distracted        |       |       |     2 ||     2
  Eat: Chunk             |     2 |     7 |     2 ||    11
       Ration            |       |       |     1 ||     1
Armor: Robe              |    23 |       |       ||    23
       Chain mail        |     9 |   139 |     7 ||   155
       Plate armour      |       |       |   157 ||   157
       Scale mail        |       |       |     9 ||     9
Dodge: Dodged            |    97 |   106 |    76 ||   279

Table legend:
 A = Non-vault XP
 B = Vault XP
 C = Vault XP percentage of total XP
 D = Non-vault monster count
 E = Vault monster count
 F = Vault count percentage of total count
                 A         B        C        D         E       F
            +---------+---------+-------+---------+---------+-------
      Total |    1517 |     752 |  33.1 |     132 |      51 |  27.9
            +---------+---------+-------+---------+---------+-------
        D:1 |      72 |      11 |  13.3 |      31 |       7 |  18.4
        D:2 |      93 |       0 |   0.0 |      22 |       0 |   0.0
        D:3 |     143 |       0 |   0.0 |      28 |       0 |   0.0
        D:4 |     335 |      11 |   3.2 |      22 |       1 |   4.3
        D:5 |     478 |       0 |   0.0 |      14 |       0 |   0.0
        D:6 |     396 |     287 |  42.0 |      15 |       4 |  21.1
    Ossuary |       0 |     443 | 100.0 |       0 |      39 | 100.0
            +---------+---------+-------+---------+---------+-------
